 Dungeon Crawl Stone Soup version 0.17-a0-1939-ga475588 (webtiles) character file.

514 Geeful the Ruffian (level 7, 0/56 HPs)
             Began as a Human Wanderer on Sept 29, 2015.
             Slain by a centaur (8 damage)
             ... on level 4 of the Dungeon.
             The game lasted 00:15:17 (4633 turns).

Geeful the Ruffian (Human Wanderer)                 Turns: 4633, Time: 00:15:17

Health: 0/56       AC:  8    Str: 17    XL:     7   Next: 44%
Magic:  7/7        EV:  9    Int: 10    God:
Gold:   393        SH:  0    Dex: 12    Spells: 0 memorised, 6 levels left

rFire  . . .     SeeInvis .       - Unarmed
rCold  + . .     Clarity  .     q - +0 scale mail
rNeg   . . .     SustAt   .     (no shield)
rPois  +         Gourm    .     (no helmet)
rElec  .         Spirit   .     (no cloak)
rCorr  .         Warding  .     m - +0 pair of gloves
rMut   +         Stasis   .     h - +0 pair of boots
MR     .....                    j - amulet of resist mutation
Stlth  ..........               a - ring of protection from cold
                                o - ring of poison resistance

@: not resistant to hostile enchantments, extremely unstealthy
A: no striking features
a: no special abilities


You were on level 4 of the Dungeon.
You were not hungry.

You visited 1 branch of the dungeon, and saw 4 of its levels.
You also visited: Ossuary.

You collected 393 gold pieces.

Inventory:

Missiles
 s - 20 poisoned needles
Armour
 h - a +0 pair of boots (worn)
 m - a +0 pair of gloves (worn)
 q - a +0 scale mail (worn)
Jewellery
 a - a ring of protection from cold (right hand)
 j - an amulet of resist mutation (around neck)
 o - a ring of poison resistance (left hand)
Magical devices
 p - a wand of frost (11)
 w - a wand of fire (0)
Scrolls
 c - 2 scrolls of teleportation
 g - 2 scrolls of fog
 i - 3 scrolls of remove curse
 n - a scroll of enchant weapon
Potions
 b - 4 potions of curing
 d - a potion of brilliance {unknown}
 e - 3 potions of lignification
 l - 3 potions of flight {unknown}
 t - a potion of ambrosia {unknown}
 x - 3 potions of heal wounds {unknown}
 z - 3 potions of poison {unknown}
 A - a potion of might {unknown}
 B - 2 potions of invisibility {unknown}
 C - a potion of degeneration {unknown}
 D - a potion of haste {unknown}
 E - a potion of agility {unknown}
Comestibles
 f - 2 bread rations
 k - 8 fruits
 r - a meat ration
 u - a beef jerky


   Skills:
 - Level 5.0 Fighting
   Level 1.0 Staves
 - Level 2.0 Stealth
   Level 1.0 Shields
 + Level 7.3 Unarmed Combat
 - Level 1.0 Evocations


You had 6 spell levels left.
You didn't know any spells.

Dungeon Overview and Level Annotations

Branches:
Dungeon (4/15)
 Temple: D:4-7

Altars:
Elyvilon
Nemelex Xobeh
Okawaru
Qazlal


Message History

The centaur is heavily wounded.
You feel sick.
The centaur hits you but does no damage.
You hit the centaur but do no damage.
The centaur is heavily wounded.
The centaur misses you. x2
You hit the centaur.
The centaur is severely wounded.
You feel sick. The centaur hits you!
* * * LOW HITPOINT WARNING * * *
Drink which item? (? for menu, Esc to quit)
You feel better. The centaur hits you.
* * * LOW HITPOINT WARNING * * *
Throwing (i - inventory):
v - a throwing net (quivered)
Press: ? - help, Shift-Dir - straight line, f - centaur
Aim: a centaur (severely wounded)
You throw a throwing net.
The throwing net barely misses the centaur.
The centaur hits you!
You die...

#### #.. #.# ##
##########.# #.
........##(##############.
.........@................
.######.c#.######......##.
##.#.# #......##. #.#.#
#......##[ #.#.#
#......##. #...#
#......##. ##..#
#####'###. ..# #.# #. ...#
##'###.


You could see a centaur.

Vanquished Creatures
  Blork the orc (D:4)
  A hound (D:4)
  An orc priest (D:4)
  An iguana (D:4)
  2 orc wizards
  Terence (D:2)
  8 mummies (Ossuary)
  3 gnolls (D:4)
  4 adders
  2 worms
  5 giant geckos
  9 orcs
  2 ball pythons
  4 giant cockroaches
  A gnoll zombie (Ossuary)
  6 goblins
  11 hobgoblins
  15 kobolds
  5 bats
  A giant gecko skeleton (D:4)
  3 giant newts
  5 hobgoblin zombies (Ossuary)
  6 jackals
  A kobold zombie (Ossuary)
  An orc zombie (Ossuary)
  A quokka skeleton (D:4)
  9 rats
109 creatures vanquished.

Notes
Turn   | Place    | Note
--------------------------------------------------------------
     0 | D:1      | Geeful the Human Wanderer began the quest for the Orb.
     0 | D:1      | Geeful set off with: a +2 quarterstaff, a potion of curing, a scroll of teleportation, a +0 robe, a +0 dagger, a bread ration, a !bad item (cl:100,ty:0,pl:0,pl2:0,sp:0,qu:0), a !bad item (cl:100,ty:0,pl:0,pl2:0,sp:0,qu:0), a !bad item (cl:100,ty:0,pl:0,pl2:0,sp:0,qu:0), a !bad item (cl:100,ty:0,pl:0,pl2:0,sp:0,qu:0), a !bad item (cl:100,ty:0,pl:0,pl2:0,sp:0,qu:0), a !bad item (cl:100,ty:0,pl:0,pl2:0,sp:0,qu:0), a !bad item (cl:100,ty:0,pl:0,pl2:0,sp:0,qu:0), a !bad item (cl:100,ty:0,pl:0,pl2:0,sp:0,qu:0), a !bad item (cl:100,ty:0,pl:0,pl2:0,sp:0,qu:0), a !bad item (cl:100,ty:0,pl:0,pl2:0,sp:0,qu:0), a !bad item (cl:100,ty:0,pl:0,pl2:0,sp:0,qu:0), a !bad item (cl:100,ty:0,pl:0,pl2:0,sp:0,qu:0), a !bad item (cl:100,ty:0,pl:0,pl2:0,sp:0,qu:0), a !bad item (cl:100,ty:0,pl:0,pl2:0,sp:0,qu:0), a !bad item (cl:100,ty:0,pl:0,pl2:0,sp:0,qu:0), a !bad item (cl:100,ty:0,pl:0,pl2:0,sp:0,qu:0), a !bad item (cl:100,ty:0,pl:0,pl2:0,sp:0,qu:0), a !bad item (cl:100,ty:0,pl:0,pl2:0,sp:0,qu:0), a !bad item (cl:100,ty:0,pl:0,pl2:0,sp:0,qu:0), a !bad item (cl:100,ty:0,pl:0,pl2:0,sp:0,qu:0), a !bad item (cl:100,ty:0,pl:0,pl2:0,sp:0,qu:0), a !bad item (cl:100,ty:0,pl:0,pl2:0,sp:0,qu:0), a !bad item (cl:100,ty:0,pl:0,pl2:0,sp:0,qu:0), a !bad item (cl:100,ty:0,pl:0,pl2:0,sp:0,qu:0), a !bad item (cl:100,ty:0,pl:0,pl2:0,sp:0,qu:0), a !bad item (cl:100,ty:0,pl:0,pl2:0,sp:0,qu:0), a !bad item (cl:100,ty:0,pl:0,pl2:0,sp:0,qu:0), a !bad item (cl:100,ty:0,pl:0,pl2:0,sp:0,qu:0), a !bad item (cl:100,ty:0,pl:0,pl2:0,sp:0,qu:0), a !bad item (cl:100,ty:0,pl:0,pl2:0,sp:0,qu:0), a !bad item (cl:100,ty:0,pl:0,pl2:0,sp:0,qu:0), a !bad item (cl:100,ty:0,pl:0,pl2:0,sp:0,qu:0), a !bad item (cl:100,ty:0,pl:0,pl2:0,sp:0,qu:0), a !bad item (cl:100,ty:0,pl:0,pl2:0,sp:0,qu:0), a !bad item (cl:100,ty:0,pl:0,pl2:0,sp:0,qu:0), a !bad item (cl:100,ty:0,pl:0,pl2:0,sp:0,qu:0), a !bad item (cl:100,ty:0,pl:0,pl2:0,sp:0,qu:0), a !bad item (cl:100,ty:0,pl:0,pl2:0,sp:0,qu:0), a !bad item (cl:100,ty:0,pl:0,pl2:0,sp:0,qu:0), a !bad item (cl:100,ty:0,pl:0,pl2:0,sp:0,qu:0), a !bad item (cl:100,ty:0,pl:0,pl2:0,sp:0,qu:0), a !bad item (cl:100,ty:0,pl:0,pl2:0,sp:0,qu:0), a !bad item (cl:100,ty:0,pl:0,pl2:0,sp:0,qu:0), a !bad item (cl:100,ty:0,pl:0,pl2:0,sp:0,qu:0), a !bad item (cl:100,ty:0,pl:0,pl2:0,sp:0,qu:0), a !bad item (cl:100,ty:0,pl:0,pl2:0,sp:0,qu:0)
     0 | D:1      | Reached XP level 1. HP: 21/21 MP: 1/1
   163 | D:1      | Reached skill level 1 in Unarmed Combat
   199 | D:1      | Reached XP level 2. HP: 25/27 MP: 2/2
   923 | D:2      | Reached XP level 3. HP: 33/33 MP: 3/3
  1047 | D:2      | Noticed Terence
  1085 | D:2      | Killed Terence
  1085 | D:2      | Reached XP level 4. HP: 20/39 MP: 4/4
  1511 | D:2      | Found a sparkling altar of Nemelex Xobeh.
  1898 | D:2      | Found a stormy altar of Qazlal.
  1898 | D:2      | Found an iron altar of Okawaru.
  2263 | D:3      | Reached XP level 5. HP: 44/44 MP: 5/5
  2621 | D:3      | Found a white marble altar of Elyvilon.
  3206 | D:4      | Reached skill level 5 in Unarmed Combat
  3236 | D:4      | Reached XP level 6. HP: 42/51 MP: 6/6
  3387 | D:4      | Noticed Blork the orc
  3404 | D:4      | Killed Blork the orc
  3404 | D:4      | Reached skill level 6 in Unarmed Combat
  3488 | D:4      | Found a sand-covered staircase.
  3497 | Ossuary  | Entered an ossuary
  3687 | Ossuary  | Reached XP level 7. HP: 56/56 MP: 7/7
  4195 | D:4      | Reached skill level 7 in Unarmed Combat
  4633 | D:4      | Slain by a centaur

Vault maps used:
D:1:      minmay_arrival_shattered_statue
D:2:      gammafunk_temple_overflow_wave, nemelex_diamond_rough_becter,
          uniq_terence
D:3:      mrwooster_statue_mirror, elyvilon_altar_3
D:4:      enter_ossuary_3, uniq_blork_the_orc
Ossuary:  ossuary_tomb_3

Action                   |  1- 3 |  4- 6 |  7- 9 || total
-------------------------+-------+-------+-------++-------
Melee: Unarmed           |   137 |   249 |    77 ||   463
Throw: Throwing net      |       |       |     1 ||     1
Evoke: Wand              |       |    16 |    12 ||    28
  Use: Scroll            |       |     3 |     5 ||     8
       Potion            |       |       |     2 ||     2
 Stab: Sleeping          |     4 |       |       ||     4
  Eat: Chunk             |       |     8 |     2 ||    10
       Royal jelly       |       |       |     1 ||     1
